 Dungeon Crawl Stone Soup version 0.14.0-25-g43f8a4e (webtiles) character file.

5564 Kae the Conjurer (level 10, -3/52 HPs)
             Began as a Tengu Fire Elementalist on Apr 24, 2014.
             Was a Priest of Vehumet.
             Slain by a wolf (7 damage)
             ... on Level 1 of the Lair of Beasts on Apr 25, 2014.
             The game lasted 00:27:31 (12393 turns).

Kae the Conjurer (Tengu Fire Elementalist)         Turns: 12393, Time: 00:27:32

HP  -3/52        AC  4     Str  9      XL: 10   Next: 59%
MP   2/25        EV 13     Int 18      God: Vehumet [***...]
Gold 406         SH  0     Dex 17      Spells:  5 memorised,  7 levels left

rFire  + + .     SeeInvis .     y - +2,+5 dagger (speed)
rCold  + . .     Clarity  .     J - +2 robe {rC+ rF+}
rNeg   . . .     Conserve .     (no shield)
rPois  .         rCorr    .     (helmet restricted)
rElec  +         rRot     .     (no cloak)
SustAb . .       Spirit   .     (no gloves)
rMut   .         Warding  .     (boots unavailable)
Saprov . . .     Stasis   .     (no amulet)
MR     .....                    L - ring of invisibility
                                H - ring of protection from fire

@: invisible, very slightly contaminated, not resistant to hostile enchantments,
fairly stealthy
A: able to fly, beak, talons 3, agile 1, electricity resistance
a: Fly, Renounce Religion


You were on level 1 of the Lair of Beasts.
You worshipped Vehumet.
Vehumet was most pleased with you.
You were hungry.

You visited 3 branches of the dungeon, and saw 10 of its levels.

You collected 450 gold pieces.
You spent 44 gold pieces at shops.

Inventory:

Hand weapons
 d - a +0,+0 short sword
 y - a +2,+5 dagger of speed (weapon)
 D - a +1,+2 whip of electrocution
 M - a cursed +1,+3 dire flail
Armour
 J - a +2 robe of resistance (worn)
Magical devices
 F - a wand of lightning (3)
 G - a wand of draining (4)
 P - a wand of digging (15)
Comestibles
 c - 8 bread rations
 m - 3 pears
 w - a rambutan
 C - an apple
 E - 2 apricots
 K - a choko
 O - a meat ration
 S - a lemon
Scrolls
 e - 2 scrolls of identify
 f - a scroll of blinking
 g - 4 scrolls of teleportation
 h - 4 scrolls of remove curse
 k - 3 scrolls of immolation
 p - 2 scrolls of magic mapping
 r - 2 scrolls of fog
 s - a scroll of enchant weapon II
 B - 3 scrolls of recharging
 U - a scroll of noise
Jewellery
 H - a ring of protection from fire (left hand)
 L - a ring of invisibility (right hand)
Potions
 a - a potion of confusion {unknown}
 j - a potion of degeneration {unknown}
 l - 3 potions of brilliance
 q - a potion of restore abilities {unknown}
 t - a potion of magic {unknown}
 v - a potion of paralysis {unknown}
 x - 7 potions of curing
 z - a potion of resistance
 A - a potion of cure mutation
Books
 b - a book of Flames

   Spells                             Type                      Level
   *Flame Tongue                      Conjuration/Fire             1
   *Throw Flame                       Conjuration/Fire             2
   *Conjure Flame                     Conjuration/Fire             3
   Inner Flame                        Hexes/Fire                   3
   *Sticky Flame                      Conjuration/Fire             4
   *Fireball                          Conjuration/Fire             5


   Skills:
 * Level 1.4 Fighting
 * Level 2.9 Dodging
 - Level 2.0 Stealth
 + Level 6.5 Spellcasting
 + Level 12.4 Conjurations
 + Level 10.7 Fire Magic


You had 7 spell levels left.
You knew the following spells:

 Your Spells              Type           Power        Failure   Level  Hunger
a - Flame Tongue          Conj/Fire      #####        1%          1    None
b - Throw Flame           Conj/Fire      #####.       1%          2    None
c - Conjure Flame         Conj/Fire      #####...     1%          3    ##.....
d - Sticky Flame          Conj/Fire      #####...     1%          4    ####...
e - Fireball              Conj/Fire      #####.....   1%          5    #####..


Dungeon Overview and Level Annotations

Branches:
Dungeon (8/15)             Temple (1/1) D:4            Lair (1/8) D:8

Altars:
Ashenzari
Cheibriados
Dithmenos
Elyvilon
Kikubaaqudgha
Makhleb
Nemelex Xobeh
Trog
Vehumet
Xom
Zin
The Shining One

Shops:
D:4 !   D:6 %

Annotations:
D:5 exclusion: centaur


Innate Abilities, Weirdness & Mutations

You can fly.
You have a beak for a mouth.
You have claws for feet.
You are agile. (Dex +2)
You are resistant to electric shocks.


Message History

You are very lightly contaminated with residual magic.
The wolf bites you.
* * * LOW HITPOINT WARNING * * *
Casting: Flame Tongue
Confirm with . or Enter, or press ? or * to list all spells.
You don't have enough magic to cast that spell.
Unknown command.
Casting: Flame Tongue
Confirm with . or Enter, or press ? or * to list all spells.
Aiming: Flame Tongue
Press: ? - help, Shift-Dir - straight line, f - wolf
Aim: a wolf (moderately wounded)
Okay, then.
Unknown command.
Drink which item? (? for menu, Esc to quit)
You fade into invisibility!
The wolf bites you!
* * * LOW HITPOINT WARNING * * *
The wolf bites you!
You die...

....###.##.###.##.......##....###
................................#
.........................#...#..#
................#.......##...#
#####..........##.......##..h# #
#..........##.......####%#
#####..#...##.......# ##.##
####.#.#P.......###..%#.#
#....@h...............
#...####.#####.##.#... #...# #.#
####.#... #...# #.. ...... #...#
P.#. ...... ..... ..... ......
.#.... ..f # ..... ..... . . .


You could see a wolf.

Vanquished Creatures
  A death yak (D:8)
  Pikel (D:8)
  Joseph (D:7)
  A basilisk (D:8)
  A yak (D:8)
  A hill giant zombie (D:7)
  3 wolves (Lair:1)
  3 killer bees (D:8)
  A sky beast (D:7)
  2 phantoms
  2 orc warriors (D:7)
  3 slaves (D:8)
  2 big kobolds
  2 centaurs
  Duvessa (D:7)
  An ogre (D:4)
  A giant slug (Lair:1)
  3 giant frogs
  Blork the orc (D:4)
  A jelly (D:6)
  4 wights
  3 crimson imps
  Dowan (D:7)
  3 orc priests
  A goliath beetle (D:7)
  2 hounds (D:8)
  6 orc wizards
  6 iguanas
  9 worker ants
  5 gnolls
  11 adders
  An inept feature mimic (D:3)
  An inept item mimic (D:6)
  An orc skeleton (D:6)
  2 shadow imps
  4 worms
  2 adder skeletons
  6 giant eyeballs
  10 giant geckos
  29 orcs
  2 ball pythons
  5 giant cockroaches
  18 goblins
  13 hobgoblins
  22 kobolds
  5 quokkas
  10 bats
  A giant gecko skeleton (D:4)
  16 giant newts
  A giant spore (D:7)
  3 jackals (D:3)
  An orc zombie (D:8)
  14 rats
  A rat zombie (D:7)
  4 ballistomycetes (D:7)
  A butterfly (D:2)
256 creatures vanquished.

Vanquished Creatures (collateral kills)
  An orc (D:8)
1 creature vanquished.

Vanquished Creatures (others)
  A slave (D:8)
  A sky beast (D:8)
  A hound (D:8)
  A quokka (D:8)
4 creatures vanquished.

Grand Total: 261 creatures vanquished

Notes
Turn   | Place    | Note
--------------------------------------------------------------
     0 | D:1      | Kae, the Tengu Fire Elementalist, began the quest for the Orb.
     0 | D:1      | Reached XP level 1. HP: 10/10 MP: 3/3
    63 | D:1      | Reached XP level 2. HP: 9/15 MP: 5/5
   510 | D:1      | Reached skill level 4 in Fire Magic
   510 | D:1      | Reached XP level 3. HP: 7/19 MP: 0/7
   680 | D:1      | Learned a level 2 spell: Throw Flame
   684 | D:1      | Learned a level 3 spell: Conjure Flame
  1299 | D:2      | Reached XP level 4. HP: 11/24 MP: 7/9
  1477 | D:2      | Found a white marble altar of Elyvilon.
  2023 | D:2      | HP: 1/24 [goblin/club (3)]
  2510 | D:3      | Reached XP level 5. HP: 10/28 MP: 7/11
  2572 | D:3      | Found a bloodstained altar of Trog.
  3650 | D:3      | Reached skill level 5 in Fire Magic
  4143 | D:4      | Noticed an ogre
  4167 | D:4      | Killed an ogre
  4167 | D:4      | Reached skill level 5 in Conjurations
  4167 | D:4      | Reached XP level 6. HP: 32/32 MP: 3/13
  4284 | D:4      | Found a staircase to the Ecumenical Temple.
  4370 | Temple   | Entered the Ecumenical Temple
  4407 | Temple   | Became a worshipper of Vehumet
  4775 | D:4      | Noticed a phantom
  4800 | D:4      | Killed a phantom
  4800 | D:4      | Reached skill level 6 in Conjurations
  4800 | D:4      | Reached XP level 7. HP: 13/36 MP: 1/17
  5012 | D:4      | Found Kivviok's Distillery.
  5023 | D:4      | Bought a potion of heal wounds for 33 gold pieces
  5023 | D:4      | Bought a potion of poison for 11 gold pieces
  5024 | D:4      | Gained mutation: You are agile. (Dex +2) [potion of mutation]
  5024 | D:4      | Gained mutation: You are resistant to electric shocks. [potion of mutation]
  5028 | D:4      | Noticed Blork the orc
  5032 | D:4      | Killed Blork the orc
  5199 | D:4      | Learned a level 4 spell: Sticky Flame
  6055 | D:5      | Entered Level 5 of the Dungeon
  6086 | D:5      | Acquired Vehumet's first power
  6086 | D:5      | Offered knowledge of Magic Dart by Vehumet.
  6294 | D:5      | Reached skill level 7 in Conjurations
  6458 | D:5      | Reached XP level 8. HP: 36/41 MP: 17/19
  6703 | D:5      | Found a glowing silver altar of Zin.
  6706 | D:5      | Found a burning altar of Makhleb.
  6709 | D:5      | Found an ancient bone altar of Kikubaaqudgha.
  7210 | D:6      | Reached skill level 8 in Conjurations
  7553 | D:6      | Found Thref's Food Emporium.
  8208 | D:7      | Offered knowledge of Freeze by Vehumet.
  8266 | D:6      | Reached skill level 9 in Conjurations
  8736 | D:7      | Reached XP level 9. HP: 42/45 MP: 17/22
  8753 | D:7      | Noticed Dowan
  8796 | D:7      | Killed Dowan
  8974 | D:7      | Noticed Duvessa
  8982 | D:7      | Killed Duvessa
  9335 | D:7      | Noticed Joseph
  9344 | D:7      | Reached skill level 10 in Conjurations
  9360 | D:7      | Reached skill level 5 in Spellcasting
  9651 | D:7      | Offered knowledge of Mephitic Cloud by Vehumet.
  9784 | D:7      | Paralysed by a giant eyeball for 4 turns
  9872 | D:7      | Acquired Vehumet's second power
 10145 | D:7      | Killed Joseph
 10631 | D:8      | Learned a level 5 spell: Fireball
 10641 | D:8      | Reached skill level 11 in Conjurations
 10657 | D:8      | Noticed a death yak
 10673 | D:8      | Killed a death yak
 10673 | D:8      | Reached skill level 10 in Fire Magic
 10673 | D:8      | Reached XP level 10. HP: 24/50 MP: 18/24
 11143 | D:8      | Noticed Pikel
 11171 | D:8      | Killed Pikel
 11171 | D:8      | Reached skill level 12 in Conjurations
 11485 | D:8      | Found a staircase to the Lair.
 11492 | D:8      | Offered knowledge of Fulminant Prism by Vehumet.
 12265 | Lair:1   | Entered Level 1 of the Lair of Beasts
 12355 | Lair:1   | Reached skill level 1 in Fighting
 12393 | Lair:1   | Slain by a wolf

Action                   |  1- 3 |  4- 6 |  7- 9 | 10-12 || total
-------------------------+-------+-------+-------+-------++-------
Melee: Short sword       |    56 |    91 |    83 |       ||   230
       Unarmed           |     2 |       |     3 |       ||     5
       Dagger            |       |       |    51 |    11 ||    62
 Cast: Flame Tongue      |    13 |   102 |   217 |    94 ||   426
       Throw Flame       |     1 |    26 |    95 |    13 ||   135
       Conjure Flame     |       |     6 |     9 |     4 ||    19
       Sticky Flame      |       |       |     4 |     4 ||     8
       Fireball          |       |       |       |     4 ||     4
Evoke: Wand              |       |     1 |     8 |     1 ||    10
  Use: Potion            |       |     1 |     3 |     2 ||     6
       Scroll            |       |       |       |    19 ||    19
 Stab: Sleeping          |     1 |     1 |     1 |       ||     3
